Map: Astillero orbital

Players

Xandros - Winner!

  • Race: Zerg Zerg

IA (Medio) 1

  • Race: Terran Terran

VOD

Have the link to the VOD?

Description

Time

  • Played on: Nov. 25, 2015, 6:22 a.m.
  • Length: 9:02
Show
View Real Time Build Order
Export as new Build Order

Xandros Zerg - Winner!

Build Orders: Hatch First 

Get SALT Encoding   

  12  0:03  Drone  
  13  0:15  Drone  
  13  0:20  Overlord  
  14  0:38  Drone x3  
  17  0:54  Hatchery  
  17  0:57  Drone  
  17  1:02  Drone  
  18  1:15  Spawning Pool  
  18  1:17  Drone  
  18  1:26  Drone, Extractor  
  18  1:32  Drone  
  19  1:43  Overlord  
  19  2:02  Queen  
  19  2:06  Queen  
  23  2:11  Drone x2  
  23  2:12  Drone  
  26  2:20  Zergling x2  
  26  2:21  Zergling x2  
  28  2:27  Zergling x2  
  29  2:36  Drone  
  30  2:38  Drone  
  31  2:55  Overlord x2  
  31  3:05  Metabolic Boost, Roach Warren  
  30  3:21  Drone  
  30  3:22  Drone  
  30  3:23  Drone x2  
  30  3:26  Overlord  
  34  3:37  Drone  
  34  3:38  Drone x2  
  37  4:03  Overlord x3  
  37  4:13  Roach x5  
  47  4:21  Zergling x2  
  48  4:33  Overlord  
  48  4:34  Overlord  
  48  4:52  Ravager, Extractor  
  48  4:53  Ravager x2  
  48  4:55  Extractor  
  49  5:04  Roach  
  50  5:23  Zergling x2  
  50  5:24  Zergling x2  
  50  5:25  Zergling x8  
  51  5:38  Zergling x4  
  53  5:53  Drone  
  54  6:13  Roach  
  54  6:14  Roach x6  
  54  6:15  Roach  
  70  6:31  Roach  
  70  6:32  Roach x2  
  76  6:33  Roach x2  
  76  6:38  Ravager  
  81  6:42  Zergling x8  
  81  6:43  Zergling x2  
  86  6:57  Zergling x2  
  86  6:58  Zergling x6  
  88  7:41  Ravager  
  85  7:53  Zergling x10  
  85  7:54  Zergling x6  
  85  7:57  Overlord x3  
Show
View Real Time Build Order
Export as new Build Order

IA (Medio) 1 Terran 

Build Orders:  

Get SALT Encoding   

  12  0:00  SCV  
  13  0:13  SCV  
  14  0:19  Supply Depot  
  14  0:25  SCV  
  15  0:40  SCV  
  16  0:42  Barracks  
  16  0:49  Refinery  
  16  0:53  SCV  
  17  1:05  SCV  
  18  1:16  Supply Depot  
  18  1:31  Marine  
  18  1:32  Barracks, Orbital Command  
  19  1:44  Refinery  
  19  1:48  Marine  
  20  2:07  Barracks Tech Lab  
  20  2:09  Supply Depot  
  20  2:19  Marine  
  21  2:26  Marauder  
  21  2:29  SCV  
  24  2:37  Marine  
  24  2:41  SCV  
  26  2:45  Engineering Bay  
  26  2:47  Marine  
  27  2:53  SCV  
  27  2:54  Marine  
  27  2:55  Supply Depot  
  29  3:05  Marine  
  29  3:06  SCV  
  29  3:12  Marine  
  32  3:18  SCV  
  33  3:23  Marauder  
  35  3:30  SCV  
  36  4:57  Barracks Tech Lab  
  36  4:58  SCV  
  37  5:00  Factory  
  37  5:02  Factory  
  37  5:03  Missile Turret  
  37  5:04  Command Center  
  37  5:06  Missile Turret  
  37  5:09  Barracks  
  37  5:11  Supply Depot  
  37  5:26  Bunker  
  37  5:32  Marine  
  30  5:40  SCV  
  26  5:44  Marine  
  26  5:47  Factory Tech Lab x2, Starport  
  27  5:57  Marine  
  28  6:10  Marine  
  29  6:16  SCV  
  30  6:19  SCV  
  30  6:21  Sensor Tower  
  30  6:23  Marine  
  32  6:25  Refinery, Starport Tech Lab  
  32  6:26  Missile Turret  
  32  6:28  SCV  
  32  6:29  Missile Turret  
  32  6:30  Refinery  
  32  6:31  SCV  
  34  6:36  Marine  
  35  6:40  SCV  
  35  6:42  Armory  
  35  6:43  SCV  
  35  6:44  Raven  
  39  6:49  Marauder  
  39  6:53  SCV  
  42  6:54  Bunker  
  42  6:55  SCV  
  42  6:56  Barracks Reactor  
  43  7:02  Siege Tank  
  43  7:05  SCV  
  43  7:08  SCV  
  48  7:15  Siege Tank  
  45  7:17  SCV  
  45  7:20  SCV  
  47  7:27  Raven  
  47  7:28  Marauder  
  47  7:29  SCV  
  49  7:32  SCV  
  37  7:40  Marine  
  37  7:41  SCV  
  32  7:47  SCV  
  31  7:53  SCV, Marine  
  26  7:59  SCV  
  26  8:05  SCV  
  19  8:06  Marine  
  17  8:15  SCV  
  17  8:19  Marine  
  11  8:27  SCV  
  11  8:33  SCV  
  13  8:39  SCV  
  12  8:46  SCV  
Tags
 
Add a new tag
Caveats
  • Supply blocks, unpowered buildings, or Contaminate may cause inaccurate times.
  • Supply counts are checked every 10 seconds.